 Dungeon Crawl Stone Soup version 0.32-a0-43-g058985b245 (webtiles) character file.

Game seed: 8841746796926247011

228 whatisthis the Slasher (level 6, -4/50 HPs)
             Began as a Gnoll Reaver on Feb 3, 2024.
             Slain by a phantom (6 damage)
             ... on level 4 of the Dungeon.
             The game lasted 00:06:29 (4083 turns).

whatisthis the Slasher (Gnoll Reaver)               Turns: 4083, Time: 00:06:30

Health: -4/50      AC:  5    Str: 12    XL:     6   Next: 2%
Magic:  13/13      EV: 13    Int: 12    God:
Gold:   174        SH:  0    Dex: 18    Spells: 14/15 levels left

rFire   . . .        a - +0 falchion
rCold   . . .        (no shield)
rNeg    . . .        n - +0 ring mail
rPois   .            (no helmet)
rElec   .            (no cloak)
rCorr   .            (no gloves)
SInv    +            (no boots)
Will    .....        (no amulet)
Stlth   +            o - +6 ring of dexterity
HPRegen 0.28/turn    i - ring of see invisible
MPRegen 0.13/turn

%: no passive effects
@: no status effects
A: fangs 1, strong nose, distributed training
a: no special abilities


You were on level 4 of the Dungeon.
You visited 1 branch of the dungeon, and saw 4 of its levels.

You collected 174 gold pieces.

Inventory:

Hand Weapons
 a - a +0 falchion (weapon)
 g - a +0 dagger of venom
Missiles
 m - 3 poisoned darts (quivered)
Armour
 b - a +0 leather armour
 n - a +0 ring mail (worn)
Jewellery
 e - a ring of resist corrosion
 i - a ring of see invisible (right hand)
 l - a ring of wizardry
 o - a +6 ring of dexterity (left hand)
Scrolls
 c - 7 scrolls of identify {unknown}
 f - a scroll of enchant weapon {unknown}
 h - a scroll of fear
 k - 2 scrolls of immolation


   Skills:
 + Level 4.9 Fighting
 + Level 1.8 Short Blades
 + Level 6.8 Long Blades
 + Level 1.8 Axes
 + Level 1.8 Maces & Flails
 + Level 1.8 Polearms
 + Level 1.8 Staves
 + Level 1.8 Ranged Weapons
 + Level 1.8 Throwing
 + Level 1.8 Armour
 + Level 4.9 Dodging
 + Level 1.8 Stealth
 + Level 1.8 Shields
 + Level 1.8 Unarmed Combat
 + Level 5.3 Spellcasting
 + Level 5.6 Conjurations
 + Level 1.4 Hexes
 + Level 1.4 Summonings
 + Level 1.4 Necromancy
 + Level 1.4 Translocations
 + Level 1.4 Fire Magic
 + Level 1.4 Ice Magic
 + Level 1.4 Air Magic
 + Level 1.4 Earth Magic
 + Level 1.4 Alchemy
 + Level 2.0 Invocations
 + Level 1.8 Evocations
 + Level 1.6 Shapeshifting


You had 14 spell levels left.
You knew the following spells:

 Your Spells              Type           Power      Damage    Failure   Level
a - Kiss of Death         Conj/Necr      44%        2d8       10%         1

Your spell library contained the following spells:

 Spells                   Type           Power      Damage    Failure   Level
 Foxfire                  Conj/Fire      44%        2x1d6     10%         1
 Sting                    Conj/Alch      44%        1d5       10%         1
 Momentum Strike          Conj/Tloc      22%        3d8       16%         2
 Apportation              Tloc           12%        N/A       24%         1
 Necrotise                Necr           24%        1d5       24%         1
 Summon Small Mammal      Summ           24%        N/A       24%         1
 Hailstorm                Conj/Ice       11%        3d6       30%         3
 Lesser Beckoning         Tloc           12%        N/A       34%         2
 Summon Ice Beast         Ice/Summ       6%         N/A       56%         3
 Summon Forest            Summ/Tloc      3%         N/A       100%        5
 Sculpt Simulacrum        Ice/Alch       3%         N/A       100%        6


Dungeon Overview and Level Annotations

Branches:
Dungeon (4/15)
 Temple: D:4-7

Altars:
Gozag
Sif Muna

Shops:
D:2 ?   D:3 *!


Innate Abilities, Weirdness & Mutations

You have very sharp teeth.
Your uncanny sense of smell can sniff out nearby items.
Your experience applies equally to all skills.


Message History

* * * LOW HITPOINT WARNING * * *
Unknown command.
You closely miss the phantom. Your bite misses the phantom.
The phantom is heavily damaged.
The phantom hits you.
* * * LOW HITPOINT WARNING * * *
You closely miss the phantom.
The phantom is heavily damaged.
Unknown command.
The phantom misses you. The phantom attacks as it pursues you!
The phantom hits you.
* * * LOW HITPOINT WARNING * * *
There is a stone staircase leading down here.
The phantom completely misses you.
You climb downwards.
There is a stone staircase leading up here.
The phantom closely misses you.
The phantom hits you but does no damage.
The phantom closely misses you. The phantom hits you.
* * * LOW HITPOINT WARNING * * *
The phantom blinks!
You blink.
The phantom closely misses you.
You see here 15 gold pieces.
You now have 174 gold pieces (gained 15).
The phantom attacks as it pursues you! The phantom hits you.
* * * LOW HITPOINT WARNING * * *
There is a stone staircase leading up, spattered with blood here.
Okay, then.
You feel better. The phantom hits you.
* * * LOW HITPOINT WARNING * * *
The phantom blinks!
You blink.
As you read the scroll labelled BEORRO GAMOKK, it crumbles to dust.
You assume a fearsome visage.
The phantom is unaffected.
It was a scroll of fear.
The phantom hits you.
* * * LOW HITPOINT WARNING * * *
As you read the scroll labelled ZAOCEU COSIA, it crumbles to dust.
The creatures around you are filled with an inner flame!
It was a scroll of immolation.
The phantom hits you.
You die...

#.###.##..#
#.##..#####
#.##......
#.##.###.# ###.
#.##. #.# )... #.##.
#.# .... #.##.###)##
#### #.##......#
#.######@.#
#...<..W..# #
#.#######)#.# ##.##
#.#.#
#######...######...#
.)............##.###
.######...###.##.#
##.## #.##.#
#.####.##.####...


You could see a phantom (inner flame).

Vanquished Creatures
  An orc priest (D:2)
  3 gnolls (D:3)
  10 adders
  2 dart slugs (D:3)
  A ribbon worm (D:3)
  5 orcs
  2 endoplasms (D:3)
  3 giant cockroaches
  8 goblins
  5 hobgoblins
  8 jackals
  6 quokkas
  4 ball pythons
  A bat (D:2)
  6 frilled lizards
  5 kobolds
  3 rats
73 creatures vanquished.

Notes
Turn   | Place    | Note
-------+----------+-------------------------------------------
     0 | D:1      | whatisthis the Gnoll Reaver began the quest for the Orb.
     0 | D:1      | Reached XP level 1. HP: 20/20 MP: 6/6
   152 | D:1      | Reached XP level 2. HP: 26/26 MP: 7/7
  1120 | D:2      | Reached skill level 5 in Spellcasting
  1120 | D:2      | Reached XP level 3. HP: 29/31 MP: 7/9
  1270 | D:2      | Reached skill level 1 in Invocations
  1273 | D:2      | Reached skill level 1 in Short Blades
  1273 | D:2      | Reached skill level 1 in Axes
  1273 | D:2      | Reached skill level 1 in Maces & Flails
  1273 | D:2      | Reached skill level 1 in Polearms
  1273 | D:2      | Reached skill level 1 in Staves
  1273 | D:2      | Reached skill level 1 in Ranged Weapons
  1273 | D:2      | Reached skill level 1 in Throwing
  1273 | D:2      | Reached skill level 1 in Armour
  1273 | D:2      | Reached skill level 1 in Stealth
  1273 | D:2      | Reached skill level 1 in Shields
  1273 | D:2      | Reached skill level 1 in Unarmed Combat
  1273 | D:2      | Reached skill level 1 in Evocations
  1398 | D:2      | Got Moqyidgh's Spellbook of Anthracomancy and
                  | Correspondence
  1399 | D:2      | Found The Oracle's Delphic Readings.
  1472 | D:2      | Reached skill level 1 in Shapeshifting
  1472 | D:2      | Reached XP level 4. HP: 31/38 MP: 11/11
  1957 | D:2      | Reached skill level 1 in Hexes
  1957 | D:2      | Reached skill level 1 in Summonings
  1957 | D:2      | Reached skill level 1 in Necromancy
  1957 | D:2      | Reached skill level 1 in Translocations
  1957 | D:2      | Reached skill level 1 in Fire Magic
  1957 | D:2      | Reached skill level 1 in Ice Magic
  1957 | D:2      | Reached skill level 1 in Air Magic
  1957 | D:2      | Reached skill level 1 in Earth Magic
  1957 | D:2      | Reached skill level 1 in Alchemy
  2138 | D:2      | Reached XP level 5. HP: 35/43 MP: 12/12
  2567 | D:3      | Found Peplatti's Distillery.
  2655 | D:3      | Found a faded altar of an unknown god.
  2728 | D:3      | Found Liacargh's General Store.
  3461 | D:3      | Found a shimmering blue altar of Sif Muna.
  3562 | D:3      | Found an opulent altar of Gozag.
  3979 | D:4      | Reached XP level 6. HP: 38/50 MP: 13/13
  4082 | D:4      | HP: 2/50 [phantom (2)]
  4083 | D:4      | Slain by a phantom

Illustrated notes

Levels and vault maps discovered:
D:1:      lemuel_arrival_hallway, layout_basic
D:2:      layout_basic, nicolae_nh_oracle_at_delphi
D:3:      layout_loops_ring, nicolae_sif_muna_little_library,
          grunt_gozag_breadcrumbs, serial_shops, nicolae_shop_industrial_runoff,
          nicolae_shop_tiny_statue_garden,
          dreamdust_ecumenical_altar_hidden_monk_grotto,
          grunt_decor_mini_mirrors
D:4:      layout_loops_ring, nicolae_ru_path_of_blood

Skill      XL: |  1  2  3  4  5 |
---------------+----------------+-----
Spellcasting   | 5 |  5.3
Invocations    | 1 2 |  2.0
Short Blades   | 1 |  1.8
Axes           | 1 |  1.8
Maces & Flails | 1 |  1.8
Polearms       | 1 |  1.8
Staves         | 1 |  1.8
Ranged Weapons | 1 |  1.8
Throwing       | 1 |  1.8
Armour         | 1 |  1.8
Stealth        | 1 |  1.8
Shields        | 1 |  1.8
Unarmed Combat | 1 |  1.8
Evocations     | 1 |  1.8
Shapeshifting  | 1 |  1.6
Hexes          | 1 |  1.4
Summonings     | 1 |  1.4
Necromancy     | 1 |  1.4
Translocations | 1 |  1.4
Fire Magic     | 1 |  1.4
Ice Magic      | 1 |  1.4
Air Magic      | 1 |  1.4
Earth Magic    | 1 |  1.4
Alchemy        | 1 |  1.4
Fighting       | |  4.9
Long Blades    | |  6.8
Dodging        | |  4.9
Conjurations   | |  5.6

Action                     |  1- 3 |  4- 6 || total
---------------------------+-------+-------++-------
  Melee: Falchion          |    29 |    13 ||    42
         Bite              |     4 |    13 ||    17
         Punch             |     3 |     3 ||     6
         Dagger            |    38 |   174 ||   212
         Hand axe          |       |     4 ||     4
    Use: Potion            |       |     3 ||     3
         Scroll            |       |     2 ||     2
   Stab: Sleeping          |       |     4 ||     4
 Armour: Leather armour    |    30 |    71 ||   101
         Ring mail         |       |    71 ||    71
  Dodge: Dodged            |    39 |   121 ||   160

Table legend: (Time is in decaauts)
 A = Elapsed time spent in this place.
 B = Non-inter-level travel time spent in this place.
 C = Inter-level travel time spent in this place.
 D = Time resting spent in this place.
 E = Time spent auto-exploring this place.
 F = Levels seen in this place.
 G = Mean time per level.
                   A        B        C        D        E       F      G
               +--------+--------+--------+--------+--------+-----+--------+
         Total |   4072 |   3961 |    111 |    610 |   2526 |   4 | 1018.0 |
       Dungeon |   4072 |   3961 |    111 |    610 |   2526 |   4 | 1018.0 |
               +--------+--------+--------+--------+--------+-----+--------+

Top non-repeatable levels by time:
     D:2: 1532 daAuts
     D:1: 1208 daAuts
     D:3: 1155 daAuts
     D:4: 175 daAuts
